 Dungeon Crawl Stone Soup version 0.17.1-1-g73c8601 (webtiles) character file.

80 JustSomeDude the Insei (level 4, -5/42 HPs)
             Began as a Naga Monk on Jan 1, 2016.
             Slain by an orc
             ... wielding a +0 trident
              (7 damage)
             ... on level 2 of the Dungeon.
             The game lasted 00:03:12 (1594 turns).

JustSomeDude the Insei (Naga Monk)                  Turns: 1594, Time: 00:03:12

Health: -5/42      AC:  2    Str: 13    XL:     4   Next: 39%
Magic:  4/4        EV:  9    Int: 11    God:
Gold:   119        SH:  3    Dex: 14    Spells: 0 memorised, 3 levels left

rFire  . . .     SeeInvis +       - Unarmed
rCold  . . .     Clarity  .     g - +0 leather armour
rNeg   . . .     SustAt   .     h - +0 buckler
rPois  +         Gourm    .     (no helmet)
rElec  .         Spirit   .     (no cloak)
rCorr  .         Warding  .     (no gloves)
rMut   .         Stasis   .     (no barding)
MR     .....                    (no amulet)
Stlth  ++........               (no ring)
                                (no ring)

@: very slow, not resistant to hostile enchantments, unstealthy
A: see invisible, deformed body, poison resistance, slowness 2, slow metabolism
1, spit poison 2, AC +1
a: Spit Poison


You were on level 2 of the Dungeon.
You were hungry.

You visited 1 branch of the dungeon, and saw 3 of its levels.

You collected 119 gold pieces.

Inventory:

Hand Weapons
 l - a +0 dagger
Armour
 g - a +0 leather armour (worn)
 h - a +0 buckler (worn)
Jewellery
 n - an uncursed amulet of the gourmand {unknown}
 r - an uncursed ring of poison resistance {unknown}
Scrolls
 e - 2 scrolls of identify {unknown}
 i - 2 scrolls of remove curse {unknown}
 j - a scroll of teleportation {unknown}
 p - a scroll of enchant armour {unknown}
Potions
 a - 3 potions of curing {unknown}
 c - a potion of ambrosia {unknown}
 d - a potion of might {unknown}
 k - a potion of resistance {unknown}
 q - a potion of lignification {unknown}
 s - 2 potions of haste {unknown}
Comestibles
 b - 2 bread rations
 f - a meat ration
 m - a slice of pizza
 o - a beef jerky


   Skills:
 + Level 3.4 Fighting
 + Level 0.7 Armour
 + Level 2.9 Dodging
 + Level 3.6 Stealth
 + Level 4.6 Unarmed Combat


You had 3 spell levels left.
You didn't know any spells.

Dungeon Overview and Level Annotations

Branches:
Dungeon (3/15)

Altars:
Elyvilon
Fedhas
Vehumet
Xom
The Shining One


Innate Abilities, Weirdness & Mutations

You cannot wear boots.
Your serpentine skin is tough (AC +1).
You have supernaturally acute eyesight.
Armour fits poorly on your strangely shaped body.
Your system is resistant to poisons.
You cover ground very slowly.
You have a slow metabolism.
You can spit poison.


Message History

There is a stone staircase leading down here.
Unknown command.
You barely miss the giant gecko. The giant gecko bites you.
* * * LOW HITPOINT WARNING * * *
You are too injured to fight recklessly!
You are too injured to fight recklessly!
You are too injured to fight recklessly!
You are too injured to fight recklessly!
You hit the giant gecko.
The giant gecko is severely wounded.
The giant gecko bites you but does no damage.
The orc hits you from afar with a trident!
* * * LOW HITPOINT WARNING * * *
You hit the giant gecko.
You kill the giant gecko!
The orc hits you but does no damage.
You hit the orc.
The orc is lightly wounded.
The orc hits you from afar with a trident!
You die...

#####################
#...................#
#.#################.# #.#
#.........#.# #.# #.#######.#)#
######.# #.#..<..#.#.# #......#
#.....#.#.#.#
######.################.#.#.#.#
................@oo..(....#.#.#
#####..##.############.####.#.#
.# #..##.# #......#.# .#
#..##.# #########.# .##
#..##.###########.........# ..#
#...............#.#########
#.###..##_#.<.#####.#.#
.......##.#.#.# #.#.#
.......'......# #.#.#


You could see 2 orcs.

Vanquished Creatures
  A gnoll (D:1)
  2 adders (D:2)
  3 oozes
  2 worms (D:2)
  A giant gecko (D:2)
  An orc (D:3)
  4 giant cockroaches
  5 goblins
  2 hobgoblins (D:2)
  5 kobolds
  A ball python (D:2)
  3 bats
  2 giant newts
  2 rats
34 creatures vanquished.

Notes
Turn   | Place    | Note
--------------------------------------------------------------
     0 | D:1      | JustSomeDude the Naga Monk began the quest for the Orb.
     0 | D:1      | Reached XP level 1. HP: 21/21 MP: 1/1
   148 | D:1      | Reached XP level 2. HP: 28/28 MP: 2/2
   203 | D:1      | Found a glowing golden altar of the Shining One.
   472 | D:1      | Reached XP level 3. HP: 18/34 MP: 3/3
   624 | D:2      | Found a blossoming altar of Fedhas.
  1267 | D:2      | Reached XP level 4. HP: 39/42 MP: 4/4
  1418 | D:2      | Found a white marble altar of Elyvilon.
  1421 | D:2      | Found a shimmering altar of Xom.
  1424 | D:2      | Found a radiant altar of Vehumet.
  1592 | D:2      | HP: 2/42 [orc/trident (7)]
  1594 | D:2      | Slain by an orc

Action                   |  1- 3 |  4- 6 || total
-------------------------+-------+-------++-------
Melee: Unarmed           |    93 |    35 ||   128
 Stab: Sleeping          |     6 |       ||     6
       Distracted        |     1 |       ||     1
  Eat: Chunk             |       |     1 ||     1
